 Dungeon Crawl Stone Soup version 0.27.1-33-g824d729ab1 (webtiles) character file.

Game seed: 3497803450385203227

110497 belegose the Envoy of Void (level 17, -2/139 HPs)
             Began as a Formicid Abyssal Knight on Dec 25, 2021.
             Was a High Priest of Lugonu.
             Killed from afar by a will-o-the-wisp (13 damage)
             ... with a foxfire
             ... on level 1 of the Swamp.
             The game lasted 01:44:21 (42035 turns).

belegose the Envoy of Void (FoAK)                  Turns: 42035, Time: 01:44:22

Health: -2/139     AC: 21    Str: 20    XL:     17   Next: 10%
Magic:  24/28      EV: 11    Int: 16    God:    Lugonu [*****.]
Gold:   135        SH: 19    Dex:  6    Spells: 16/16 levels left

rFire    + . .     SeeInvis +   b - +2 triple sword (elec)
rCold    . . .     Faith    .   T - +2 tower shield {rN+}
rNeg     + . .     Spirit   .   h - +0 chain mail of Sloth {Rampage rElec Dex-4 Slay+6}
rPois    +         Reflect  .   (helmet unavailable)
rElec    +         Harm     .   U - +1 cloak of Starlight {*Dazzle EV+4 Stlth--}
rCorr    .         Rampage  +   z - +2 pair of gloves
Will     +....                  V - +2 pair of boots of the Hidden Vale {Regen+}
Stlth    ..........             p - amulet of the acrobat
HPRegen  1.33/turn              d - ring of poison resistance
MPRegen  0.21/turn              X - ring "Goumul" {rF+ Str-3 Int+3 Slay+4}

@: marked, flying
A: permanent stasis, dig shafts and tunnels, antennae 3, four strong arms
a: Dig, Shaft Self, Renounce Religion, Depart the Abyss, Bend Space, Banish,
Corrupt, Enter the Abyss


You were on level 1 of the Swamp.
You worshipped Lugonu.
Lugonu was extremely pleased with you.
You visited 5 branches of the dungeon, and saw 26 of its levels.
You visited the Abyss 4 times.
You also visited: Gauntlet and Volcano.

You collected 2355 gold pieces.
You spent 2220 gold pieces at shops.

Inventory:

Hand Weapons
 a - the +2 Maxwell's thermic engine {flame, freeze}
   (You found it on level 2 of the Lair of Beasts)

   It burns those it strikes, dealing additional fire damage.
   Big, fiery blades are also staple armaments of hydra-hunters.
   It freezes those it strikes, dealing additional cold damage.
   It can also slow down cold-blooded creatures.
   It becomes more effective when it hits something.
   This effect fades over time.
 b - a +2 triple sword of electrocution (weapon)
Missiles
 n - 3 throwing nets
 o - 20 boomerangs
 B - 11 silver boomerangs
 L - 131 poisoned darts (quivered)
 N - 9 curare-tipped darts
 Z - 12 javelins
Armour
 h - the +0 chain mail of Sloth (worn) {Rampage rElec Dex-4 Slay+6}
   (You bought it in a shop on level 1 of the Dungeon)

   Dex:       It affects your dexterity (-4).
   Slay:      It affects your accuracy & damage with ranged weapons and melee
   (+6).
   rElec:     It insulates you from electricity.
   Rampage:   It bestows one free step when moving towards enemies.
 z - a +2 pair of gloves (worn)
 T - a +2 tower shield of positive energy (worn)
 U - the +1 cloak of Starlight (worn) {*Dazzle EV+4 Stlth--}
   (You bought it in a shop on level 2 of the Orcish Mines)

   It may blind those who miss an attack against the wearer in melee combat.
   EV:        It affects your evasion (+4).
   Stlth:     It makes you much less stealthy.
 V - the +2 pair of boots of the Hidden Vale (worn) {Regen+}
   (You found it in a Gauntlet)

   Regen:     It increases your rate of health regeneration.
Jewellery
 c - an amulet of guardian spirit
 d - a ring of poison resistance (left hand)
 p - an amulet of the acrobat (around neck)
 J - a ring of resist corrosion
 P - a ring of wizardry
 R - a ring of protection from fire
 X - the ring "Goumul" (right hand) {rF+ Str-3 Int+3 Slay+4}
   (You found it in a Gauntlet)

   [ring of protection from fire]

   Str:       It affects your strength (-3).
   Int:       It affects your intelligence (+3).
   Slay:      It affects your accuracy & damage with ranged weapons and melee
   (+4).
   rF:        It protects you from fire.
Wands
 g - a wand of paralysis (23)
 v - a wand of acid (11)
 A - a wand of charming (9)
 E - a wand of flame (36)
 M - a wand of mindburst (3)
Scrolls
 f - a scroll of enchant armour
 j - a scroll of identify
 k - 2 scrolls of holy word
 q - a scroll of magic mapping
 I - 3 scrolls of fog
 K - 3 scrolls of fear
Potions
 e - 7 potions of might
 i - 5 potions of magic
 l - 2 potions of flight
 r - 2 potions of lignification
 s - 3 potions of ambrosia
 t - 3 potions of invisibility
 w - 6 potions of heal wounds
 C - a potion of resistance
 F - 4 potions of curing
 O - a potion of mutation
 S - a potion of cancellation
Miscellaneous
 G - a box of beasts
 H - a phantom mirror
 Q - a phial of floods (inert)


   Skills:
 + Level 14.0 Fighting
 - Level 2.7(8.8) Short Blades
 + Level 12.7(12.8) Long Blades
 - Level 7.1 Maces & Flails
 + Level 7.6 Throwing
 - Level 10.8 Armour
 - Level 4.0 Dodging
 + Level 10.3 Shields
 - Level 15.0 Invocations
 - Level 10.1 Evocations


You had 16 spell levels left.
You didn't know any spells.
Your spell library contained the following spells:

 Spells                   Type           Power      Damage    Failure   Level
 Freeze                   Ice            0%         1d3       99%         1
 Sandblast                Erth           0%         2d4       99%         1
 Sting                    Tmut/Pois      0%         1d3       99%         1
 Passwall                 Tmut/Erth      0%         N/A       100%        2
 Poisonous Vapours        Pois/Air       0%         N/A       100%        2
 Slow                     Hex            0%         N/A       100%        2
 Static Discharge         Conj/Air       0%         N/A       100%        2
 Call Canine Familiar     Summ           0%         N/A       100%        3
 Confusing Touch          Hex            0%         N/A       100%        3
 Frozen Ramparts          Ice            0%         1d2       100%        3
 Gell's Gravitas          Tloc           0%         N/A       100%        3
 Mephitic Cloud           Conj/Pois/Air  0%         N/A       100%        3
 Portal Projectile        Hex/Tloc       0%         N/A       100%        3
 Spider Form              Tmut/Pois      0%         N/A       100%        3
 Airstrike                Air            0%         N/A       100%        4
 Dispel Undead            Necr           0%         3d6       100%        4
 Hailstorm                Conj/Ice       0%         3d3       100%        4
 Iskenderun's Mystic Bla  Conj/Tloc      0%         2d3       100%        4
 Leda's Liquefaction      Hex/Erth       0%         N/A       100%        4
 Olgreb's Toxic Radiance  Pois           0%         N/A       100%        4
 Sticky Flame             Conj/Fire      0%         2d3       100%        4
 Summon Ice Beast         Ice/Summ       0%         N/A       100%        4
 Summon Lightning Spire   Summ/Air       0%         N/A       100%        4
 Alistair's Intoxication  Tmut/Pois      0%         N/A       100%        5
 Borgnjor's Vile Clutch   Necr/Erth      0%         N/A       100%        5
 Lee's Rapid Deconstruct  Erth           0%         3d5*      100%        5
 Lightning Bolt           Conj/Air       0%         1d11      100%        5
 Summon Mana Viper        Hex/Summ       0%         N/A       100%        5
 Yara's Violent Unravell  Hex/Tmut       0%         3d3       100%        5
 Dispersal                Tloc           0%         N/A       100%        6
 Eringya's Noxious Bog    Tmut/Pois      0%         N/A       100%        6
 Monstrous Menagerie      Summ           0%         N/A       100%        7
 Ozocubu's Refrigeration  Ice            0%         4d5       100%        7
 Disjunction              Tloc           0%         N/A       100%        8
 Maxwell's Capacitive Co  Air            0%         ∞         100%        8
 Polar Vortex             Ice            0%         N/A       100%        9


Dungeon Overview and Level Annotations

Branches:
Dungeon (15/15)            Temple (1/1) D:4            Lair (6/6) D:11
  Swamp (2/4) Lair:4       Spider (0/4) Lair:4        Slime (0/5) Lair:5
    Orc (2/2) D:10            Elf (0/3) Orc:2        Vaults (0/5) D:13
Volcano (visited)         Gauntlet (visited)
 Depths: D:15

Altars:
Cheibriados
Dithmenos
Fedhas
Hepliaklqana
Makhleb
Nemelex Xobeh
Okawaru
Ru
Sif Muna
Trog
Vehumet
Wu Jian
Xom
Yredelemnul
Zin
The Shining One
Jiyva

Shops:
D:1 [((=*   D:5 ([   D:10 *[(   Orc:1 (   Orc:2 ?[?*[

Annotations:
D:3 5 runed translucent doors, exclusion: 5 doors, Dantalion3's ghost, amateur DsMo; zeram's ghost, amateur MfFi
D:11 2 runed translucent doors
D:14 Roxanne
Swamp:1 Louise
Abyss:1 Erolcha


Innate Abilities, Weirdness & Mutations

You cannot be hasted, slowed, berserked, paralysed or teleported.
You can dig through walls and to a lower floor.
You have a pair of large antennae on your head. (SInv)
Your four strong arms can wield two-handed weapons with a shield.


Message History

The spriggan druid mumbles some strange words.
The forest starts to sway and rumble!
You miss the spriggan druid.
The spriggan druid is almost dead.
A root smacks you from below!
The foxfire hits you but does no damage.
A vampire mosquito comes into view.
The fenstrider witch hits you but does no damage.
You block the fenstrider witch's attack.
The will-o-the-wisp gestures.
The will-o-the-wisp conjures some foxfire!
Louise hits you but does no damage.
The fenstrider witch gestures at you while chanting.
You resist with some effort. The spriggan druid misses you.
The spriggan druid's sight is seared by the starlight!
You block the tyrant leech's attack. The swamp worm bites you.
A vampire mosquito and 2 foxfires come into view.
You miss the spriggan druid.
The spriggan druid is almost dead.
Trunks creak and shift.
A tree reaches out and hits you!
A vampire mosquito comes into view.
The foxfire hits you! You resist.
* * * LOW HITPOINT WARNING * * *
You block the fenstrider witch's attack. x2
A vampire mosquito comes into view.
Louise hits you but does no damage. The spriggan druid barely misses you.
The swamp worm bites you!!
* * * LOW HITPOINT WARNING * * *
The tyrant leech barely misses you. The fenstrider witch hits you.
* * * LOW HITPOINT WARNING * * *
The fenstrider witch kicks you but does no damage.
Press: ? - help, Shift-Dir - straight line, f - tyrant leech
Aim: a tyrant leech (severely wounded, chance to affect: 78%)
The tyrant leech is devoured by a tear in reality.
Lugonu claims a new guest.
A tree reaches out and hits you!
* * * LOW HITPOINT WARNING * * *
The foxfire hits you! You resist.
You die...

♣♣♣ ♣♣♣ ♣...§≈.♣ ♣..♣♣.♣
♣≈≈♣.≈.♣♣♣ ♣♣..♣.≈≈
♣.≈♣♣.♣†.♣ ♣..≈.♣≈♣
♣..♣♣≈♣≈≈.♣ ♣♣.≈≈...♣♣
♣.≈♣♣≈♣≈.≈♣ ♣.≈≈≈≈...♣
♣♣≈≈♣.≈.♣≈≈. ♣.≈..≈.≈.♣♣
♣.≈≈.♣≈.♣≈≈≈
♣.≈≈.≈w@H≈♣♣♣≈≈≈.♣..♣♣.≈
♣.≈..≈≈@i♣.♣♣.♣≈....♣ ..
♣..≈..v§♣.♣♣♣≈≈≈≈...♣ ..
.♣≈≈.§§§§≈≈.≈..≈.♣..♣
.≈≈.§.§..≈≈≈≈y≈.....♣
≈≈y♣v§♣≈.≈≈{y..≈≈.♣..
≈.§≈D§≈≈.≈≈.≈♣..≈....♣
♣♣≈y≈§..♣§≈≈≈≈♣.≈≈≈≈(♣
♣y.♣...≈§≈.≈§≈≈.≈≈ ≈§♣
♣≈♣♣♣.≈≈...≈≈≈≈.≈≈ §§≈


You could see Louise, a five-headed hydra, a fenstrider witch, a spriggan druid
(blind), a will-o-the-wisp, a swamp worm and 5 vampire mosquitoes.

Vanquished Creatures
  Jorgrun (D:14)
  A quicksilver ooze (Gauntlet)
  A red draconian (Volcano)
  A dire elephant (D:15)
  A minotaur (Gauntlet)
  Snorg (Lair:5)
  A great orb of eyes (Abyss:2)
  8 vault guards
  4 hydras
  2 ogre magi (Orc:2)
  7 boulder beetles
  4 centaur warriors
  7 two-headed ogres
  2 tengu warriors (D:15)
  An alligator (Swamp:1)
  10 death yaks
  An orc high priest (D:10)
  3 skeletal warriors
  A salamander mystic (Volcano)
  2 deep trolls (Orc:2)
  2 wizards (D:14)
  2 deep elf pyromancers
  10 cyclopes
  5 ugly things (D:15)
  5 salamanders (Volcano)
  A manticore (D:11)
  A worldbinder (Gauntlet)
  6 black mambas
  2 gargoyles
  An efreet (D:15)
  20 cane toads
  4 unseen horrors
  A rime drake (Lair:4)
  15 komodo dragons
  A kobold demonologist (D:11)
  12 trolls
  3 meliai (D:14)
  A tyrant leech (Lair:6)
  2 polar bears (Lair:2)
  2 hornets
  5 slime creatures
  A dream sheep (shapeshifter) (D:11)
  20 blink frogs
  2 redbacks (Lair:4)
  3 shadows
  Sigmund (D:4)
  A ynoxinul (Abyss:2)
  50 yaks
  A vampire (D:11)
  5 wraiths
  A basilisk (D:11)
  7 wyverns
  2 humans (D:12)
  3 steam dragons
  15 vampire mosquitoes
  A small abomination (Abyss:2)
  A warg (Orc:1)
  2 acid dragons (D:11)
  13 water moccasins
  18 orc warriors
  2 sky beasts
  4 black bears
  15 wolves
  21 ogres
  2 boggarts (Gauntlet)
  18 centaurs
  A phantom (D:6)
  19 kobold brigands (D:11)
  5 gnoll sergeants
  16 bullfrogs
  A scorpion (D:7)
  5 killer bees
  14 wights
  3 howler monkeys
  3 electric eels
  6 centaur zombies
  2 bullfrog zombies
  A gnoll shaman (D:8)
  A centaur skeleton (D:7)
  2 jellies
  16 orc priests
  2 hounds
  3 iguanas
  14 orc wizards
  A hound zombie (D:3)
  3 hound skeletons
  A howler monkey zombie (D:11)
  Robin (D:2)
  23 gnolls
  2 adders
  A white imp (D:5)
  An adder zombie (D:3)
  3 worms
  3 dart slugs
  59 orcs
  3 endoplasms
  5 giant cockroaches
  14 goblins
  10 hobgoblins
  3 jackals (D:3)
  14 kobolds
  5 quokkas
  5 ball pythons
  8 bats
  A frilled lizard (D:3)
  4 rats
  A spectral goblin (D:9)
654 creatures vanquished.

Vanquished Creatures (collateral kills)
  A wyvern (Lair:2)
  2 basilisks
  A water moccasin (D:11)
  A black bear (Lair:2)
5 creatures vanquished.

Vanquished Creatures (others)
  A wizard (D:15)
  2 bloated husks
  A vampire mosquito (Swamp:2)
  3 bushes (D:11)
  3 foxfires (Swamp:1)
  24 fungi
  97 plants
  3 withered plants (Gauntlet)
134 creatures vanquished.

Grand Total: 793 creatures vanquished

Notes
Turn   | Place    | Note
-------+----------+-------------------------------------------
     0 | Abyss:1  | belegose the Formicid Abyssal Knight began the quest for
                  | the Orb.
     0 | Abyss:1  | Reached XP level 1. HP: 18/18 MP: 2/2
    17 | Abyss:1  | Found an opulent altar of Gozag.
    59 | Abyss:1  | Noticed a hell hog
    66 | D:1      | Escaped the Abyss
   205 | D:1      | Found Jidis's Assorted Antiques.
   209 | D:1      | Reached XP level 2. HP: 12/24 MP: 3/3
   382 | D:1      | Found Toshrutu's Jewellery Shop.
   440 | D:1      | Found Aromooc's Weapon Shoppe.
   444 | D:1      | Found Pegacs's Armour Shop.
   498 | D:1      | Reached * piety under Lugonu
   630 | D:1      | Found Yttisuna's Antique Weapon Emporium.
  1242 | D:1      | Reached XP level 3. HP: 29/30 MP: 5/5
  1827 | D:2      | Noticed an ogre
  1904 | D:2      | Got the Collected Works on the Venomous Glacier
  1908 | D:2      | Reached skill level 3 in Invocations
  2113 | D:2      | Reached skill level 1 in Shields
  2230 | D:2      | Found a faded altar of an unknown god.
  2257 | D:2      | You fall into a shaft and drop 1 floor!
  2267 | D:3      | Reached XP level 4. HP: 37/37 MP: 6/6
  2481 | D:3      | Found a runed translucent door.
  2482 | D:3      | Noticed Dantalion3's ghost (amateur DsMo)
  2572 | D:3      | Found a runed translucent door.
  2682 | D:3      | Reached XP level 5. HP: 42/42 MP: 7/7
  2806 | D:3      | Found a shimmering altar of Xom.
  2815 | D:3      | Found a burning altar of Makhleb.
  2815 | D:3      | Found a glowing silver altar of Zin.
  2818 | D:3      | Found an ornate altar of the Wu Jian Council.
  2851 | D:3      | Noticed a bullfrog
  2871 | D:3      | Found a runed translucent gate.
  2871 | D:3      | Found a runed translucent gate.
  2871 | D:3      | Found a runed translucent gate.
  2871 | D:3      | Noticed zeram's ghost (amateur MfFi)
  2873 | D:3      | Found a basalt altar of Yredelemnul.
  2890 | D:3      | Reached skill level 1 in Maces & Flails
  3130 | D:3      | Reached ** piety under Lugonu
  3289 | D:4      | Noticed an ogre
  3290 | D:4      | Noticed a black bear
  3459 | D:4      | Noticed Sigmund
  3473 | D:4      | Killed Sigmund
  3474 | D:4      | Reached skill level 4 in Invocations
  3474 | D:4      | Reached XP level 6. HP: 40/49 MP: 7/9
  3691 | D:4      | Reached skill level 5 in Fighting
  3691 | D:4      | Reached XP level 7. HP: 28/56 MP: 10/10
  4231 | D:4      | Found a staircase to the Ecumenical Temple.
  4240 | Temple   | Entered the Ecumenical Temple
  4341 | D:4      | Reached skill level 5 in Invocations
  4448 | D:4      | Found a glowing golden altar of the Shining One.
  4712 | D:5      | Entered Level 5 of the Dungeon
  4875 | D:5      | Found Kinliuh's Antique Armour Shop.
  5230 | D:5      | Noticed a water moccasin
  5243 | D:5      | Killed a water moccasin
  5244 | D:5      | Reached XP level 8. HP: 34/64 MP: 12/12
  5668 | D:5      | Found Teanaej's Weapon Shop.
  5710 | D:5      | Reached skill level 6 in Invocations
  5978 | D:5      | Found Reirch's Magic Scroll Emporium.
  6453 | D:5      | Found a bloodstained altar of Trog.
  6589 | D:2      | Reached skill level 5 in Shields
  6613 | D:1      | Bought a runed rapier for 196 gold pieces
  6819 | D:2      | Noticed Robin
  6851 | D:2      | Killed Robin
  7373 | D:6      | Found a shimmering blue altar of Sif Muna.
  7437 | D:6      | Reached *** piety under Lugonu
  7454 | D:6      | Reached XP level 9. HP: 54/71 MP: 13/13
  7961 | D:6      | Reached skill level 5 in Maces & Flails
  7961 | D:6      | Reached skill level 7 in Invocations
  8863 | D:7      | Noticed a deep elf pyromancer
  8864 | D:7      | Banished a deep elf pyromancer
  8915 | D:7      | Reached skill level 8 in Invocations
  9212 | D:7      | Noticed a boulder beetle
  9218 | D:7      | Banished a boulder beetle
  9219 | D:7      | Reached XP level 10. HP: 76/82 MP: 11/16
  9283 | D:7      | Noticed a komodo dragon
  9298 | D:7      | Killed a komodo dragon
  9299 | D:7      | Reached skill level 9 in Invocations
  9403 | D:7      | Noticed a deep elf pyromancer
  9404 | D:7      | Banished a deep elf pyromancer
  9946 | D:7      | Noticed a rime drake
  9964 | D:7      | Banished a rime drake
  9965 | D:7      | Reached skill level 1 in Long Blades
 10258 | D:7      | Found the +4 skin of Zhor {*Englaciate rC+++ SInv}
 10441 | D:7      | Noticed a two-headed ogre
 10445 | D:7      | Banished a two-headed ogre
 10446 | D:7      | Reached XP level 11. HP: 89/89 MP: 13/18
 11263 | D:8      | Found a blossoming altar of Fedhas.
 11385 | D:8      | Reached skill level 10 in Invocations
 11629 | D:8      | Found a radiant altar of Vehumet.
 12176 | D:9      | Noticed a two-headed ogre
 12180 | D:8      | Banished a two-headed ogre
 12210 | D:8      | Reached skill level 10 in Fighting
 12318 | D:9      | Found a shadowy altar of Dithmenos.
 12367 | D:9      | Found a hazy altar of Hepliaklqana.
 13125 | D:8      | Reached skill level 5 in Long Blades
 13232 | D:8      | Reached skill level 11 in Invocations
 13633 | D:10     | Entered Level 10 of the Dungeon
 13635 | D:10     | Found Tuxiozut's Weapon Emporium.
 13637 | D:10     | Found a staircase to the Orcish Mines.
 13637 | D:10     | Noticed an orc knight
 13831 | D:9      | Banished an orc knight
 14013 | D:10     | Found Qeklio Wiam's Armour Emporium.
 14074 | D:10     | Found a snail-covered altar of Cheibriados.
 14520 | D:10     | Found Qetiucadio's General Store.
 14556 | D:10     | Reached **** piety under Lugonu
 15552 | D:11     | Noticed a two-headed ogre
 15598 | D:11     | Noticed Erolcha
 15599 | D:11     | Banished Erolcha
 15600 | D:11     | Reached XP level 12. HP: 89/97 MP: 15/20
 15673 | D:11     | Noticed a six-headed hydra
 15675 | D:11     | Banished a six-headed hydra
 15680 | D:11     | Banished a two-headed ogre
 15681 | D:11     | Reached skill level 5 in Armour
 15829 | D:11     | Found a runed translucent door.
 15830 | D:11     | Noticed a boulder beetle
 15832 | D:11     | Found a runed translucent door.
 15832 | D:11     | Noticed a centaur warrior
 15854 | D:11     | Reached skill level 12 in Invocations
 16201 | D:11     | Noticed a five-headed hydra
 16480 | D:11     | Noticed a boulder beetle
 16794 | D:11     | Found a staircase to the Lair.
 17262 | D:11     | Noticed a centaur warrior
 17268 | D:11     | Killed a centaur warrior
 17660 | D:11     | Reached skill level 13 in Invocations
 17660 | D:11     | Reached XP level 13. HP: 96/104 MP: 22/22
 17888 | D:11     | Noticed a seven-headed hydra
 17892 | D:11     | Banished a seven-headed hydra
 18007 | D:11     | Killed a boulder beetle
 18710 | D:11     | Reached skill level 1 in Dodging
 18876 | D:11     | Reached skill level 1 in Evocations
 19256 | D:11     | Killed a five-headed hydra
 19430 | D:11     | Noticed a centaur warrior
 19453 | D:11     | Killed a centaur warrior
 19458 | D:11     | Noticed a four-headed hydra
 19866 | D:11     | Got Paetudugh's Incunabulum of Orientation
 19950 | D:11     | Noticed a centaur warrior
 19958 | D:11     | Banished a centaur warrior
 20537 | D:12     | Reached skill level 14 in Invocations
 21357 | D:12     | Noticed a boulder beetle
 21374 | D:12     | Killed a boulder beetle
 21612 | D:12     | Found an iron altar of Okawaru.
 21630 | D:12     | Reached XP level 14. HP: 105/113 MP: 24/24
 21903 | D:10     | Bought a scroll of acquirement for 572 gold pieces
 21903 | D:10     | Acquired a ring of poison resistance
 21911 | D:10     | Bought a scroll of identify for 22 gold pieces
 22243 | Lair:1   | Entered Level 1 of the Lair of Beasts
 22599 | Lair:1   | Reached skill level 10 in Long Blades
 23337 | Lair:2   | Found a dark tunnel.
 23342 | Volcano  | Entered a volcano
 23449 | Volcano  | Found a burning altar of Makhleb.
 23676 | Volcano  | Noticed a red draconian
 23789 | Volcano  | Killed a red draconian
 23790 | Volcano  | Reached skill level 5 in Evocations
 24563 | Lair:2   | Found the +2 Maxwell's thermic engine {flame, freeze}
 24962 | Lair:2   | Got the Tome of the Shifting Frostbite
 25828 | Lair:3   | Identified the +1 robe "Exaug" {Stlth+}
 25893 | Lair:3   | Reached skill level 1 in Throwing
 26952 | Lair:2   | Reached skill level 15 in Invocations
 27620 | Lair:3   | Reached XP level 15. HP: 119/120 MP: 26/26
 28396 | Lair:4   | Found a staircase to the Swamp.
 29260 | Lair:4   | Reached ***** piety under Lugonu
 30008 | Lair:4   | Found a hole to the Spider Nest.
 30697 | Lair:5   | Noticed Snorg
 30704 | Lair:5   | Killed Snorg
 31374 | Lair:5   | Found a staircase to the Slime Pits.
 31374 | Lair:5   | Found a viscous altar of Jiyva.
 31679 | Lair:6   | Entered Level 6 of the Lair of Beasts
 32119 | Lair:5   | Reached skill level 10 in Armour
 33063 | Lair:5   | Found a viscous altar of Jiyva.
 33064 | Lair:5   | Found a staircase to the Slime Pits.
 33779 | Lair:6   | Reached skill level 5 in Throwing
 34496 | D:1      | Bought a bloodstained chain mail for 180 gold pieces
 34496 | D:1      | Identified the +0 chain mail of Sloth {Rampage rElec Dex-4
                  | Slay+6} (You bought it in a shop on level 1 of the Dungeon)
 34511 | D:1      | Bought an embroidered scarf for 152 gold pieces
 34727 | Orc:1    | Entered Level 1 of the Orcish Mines
 34727 | Orc:1    | Found Nisucac's Antique Weapon Emporium.
 35609 | Orc:2    | Entered Level 2 of the Orcish Mines
 35699 | Orc:2    | Found Bunoril's Magic Scroll Shop.
 35786 | Orc:2    | Found a staircase to the Elven Halls.
 35793 | Orc:2    | Found a burning altar of Makhleb.
 36407 | Orc:2    | Found Giex's Antique Armour Emporium.
 36430 | Orc:2    | Found Nexew's Antique Armour Shop.
 36962 | Orc:2    | Reached XP level 16. HP: 111/130 MP: 27/27
 38174 | Orc:2    | Found Kugguxt's Magic Scroll Shop.
 38176 | Orc:2    | Found Tiusutt's Assorted Antiques.
 38372 | Orc:2    | Bought a glowing tower shield for 165 gold pieces
 38385 | Orc:2    | Bought a pair of runed boots for 165 gold pieces
 38392 | Orc:2    | Bought the +1 cloak of Starlight {*Dazzle EV+4 Stlth--} for
                  | 671 gold pieces
 38392 | Orc:2    | Found the +1 cloak of Starlight {*Dazzle EV+4 Stlth--}
 38571 | D:13     | Found a gate to the Vaults.
 38606 | D:13     | Found a gate leading to a gauntlet.
 38704 | Gauntlet | Entered a Gauntlet
 38704 | Gauntlet | Found a transporter.
 38704 | Gauntlet | Found a transporter.
 38963 | Gauntlet | Found a transporter.
 38972 | Gauntlet | Found a transporter.
 38993 | Gauntlet | Found a transporter.
 39001 | Gauntlet | Found a transporter.
 39001 | Gauntlet | Found a transporter.
 39005 | Gauntlet | Found a transporter.
 39011 | Gauntlet | Found a transporter.
 39017 | Gauntlet | Found a transporter.
 39056 | Gauntlet | Found a transporter.
 39063 | Gauntlet | Found a transporter.
 39108 | Gauntlet | Found a transporter.
 39123 | Gauntlet | Found a transporter.
 39225 | Gauntlet | Found a transporter.
 39239 | Gauntlet | Found a transporter.
 39439 | Gauntlet | Noticed a fenstrider witch
 39439 | Gauntlet | an iron troll changed into a fenstrider witch
 39443 | Gauntlet | Noticed a fire giant
 39443 | Gauntlet | a fenstrider witch changed into a fire giant
 39444 | Gauntlet | Noticed a shadow dragon
 39444 | Gauntlet | a fire giant changed into a shadow dragon
 39469 | Gauntlet | Identified the +2 pair of boots of the Hidden Vale {Regen+}
 39525 | Gauntlet | Noticed a frost giant
 39525 | Gauntlet | a dire elephant changed into a frost giant
 39528 | Gauntlet | a frost giant changed into an eleionoma
 39570 | Gauntlet | Noticed a frost giant
 39570 | Gauntlet | a frost giant changed into an eleionoma
 39571 | Gauntlet | Identified the ring "Goumul" {rF+ Str-3 Int+3 Slay+4}
 39571 | Gauntlet | Noticed a quicksilver dragon
 39571 | Gauntlet | an eleionoma changed into a quicksilver dragon
 39575 | Gauntlet | a quicksilver dragon changed into an iron troll
 39673 | Gauntlet | Found the +0 staff of Battle
 39708 | D:13     | Acquired a +1 triple sword of electrocution
 39986 | D:13     | Reached ****** piety under Lugonu
 40053 | D:13     | You fall into a shaft and drop 1 floor!
 40610 | Orc:2    | Bought a scroll of enchant weapon for 97 gold pieces
 40765 | D:14     | Found a glowing silver altar of Zin.
 40964 | D:14     | Noticed Jorgrun
 40984 | D:14     | Killed Jorgrun
 41065 | D:14     | Reached skill level 10 in Shields
 41070 | D:14     | Noticed Roxanne
 41127 | D:14     | You fall into a shaft and drop 1 floor!
 41127 | D:15     | Entered Level 15 of the Dungeon
 41156 | D:15     | Cast into level 2 of the Abyss (a wizard)
 41158 | D:15     | Escaped the Abyss
 41189 | D:15     | Cast into level 2 of the Abyss (a wizard)
 41366 | D:15     | Escaped the Abyss
 41371 | D:15     | Reached skill level 10 in Evocations
 41440 | D:15     | Reached XP level 17. HP: 115/138 MP: 28/28
 41585 | D:14     | Cast into level 2 of the Abyss (a wizard)
 41585 | Abyss:2  | Found a corrupted altar of Lugonu.
 41586 | D:14     | Escaped the Abyss
 41963 | Swamp:1  | Entered Level 1 of the Swamp
 42007 | Swamp:1  | You fall into a shaft and drop 1 floor!
 42023 | Swamp:1  | Noticed Louise
 42035 | Swamp:1  | Killed from afar by a will-o-the-wisp

Illustrated notes

Levels and vault maps discovered:
D:1:      minmay_arrival_plants_in_alcoves, layout_basic, serial_shops,
          nicolae_shop_crystal, nicolae_shop_window_shopping,
          nicolae_shop_stone, shop, nicolae_diamond_shop
D:2:      layout_rooms, shapermc_ecumenical_altar_totnotflames, uniq_robin
D:3:      layout_basic, minitemple, nicolae_yredelemnul_ghost_church,
          ebering_ghost_sewer_f, hangedman_feature_mirror
D:4:      layout_basic, tso_metal_star, temple_statues, uniq_sigmund
D:5:      layout_basic, trog_three_pillars_becter, serial_shops,
          kennysheep_mini_moat, shop, shop, kennysheep_small_spiral
D:6:      layout_basic, nicolae_sif_muna_condensation
D:7:      minmay_blocky_corners, layout_basic, hellmonk_guarded_unrand_zhor
D:8:      layout_basic, nicolae_vehumet_altar_sigil, general_overflow_altar
D:9:      layout_cave_pools, mainiacjoe_overflow_paths,
          nicolae_hepliaklqana_monster_ancestors, minmay_hedge_maze
D:10:     layout_stronghold, slow_altar_2, orc_david_3, serial_shops,
          nicolae_shop_crystal, minmay_misc_feat_room, kennysheep_donut
D:11:     minmay_the_grid_triangle_9x9_line_8_mashed
          [minmay_the_grid_triangle_9x9_tough_junction,
          minmay_the_grid_triangle_9x9_impossible_snake,
          minmay_the_grid_triangle_9x9_cache,
          minmay_the_grid_triangle_9x9_flanged_cone,
          minmay_the_grid_triangle_9x9_thin_v,
          minmay_the_grid_triangle_9x9_odd_lines,
          minmay_the_grid_triangle_9x9_limited_checkers,
          minmay_the_grid_triangle_9x9_prize_schism], layout_basic,
          minmay_lair_entry_grove, special_room [special_room_kobold],
          minmay_fountain_box, st_stairs_11, uniq_erolcha
D:12:     layout_rooms, okawaru_humans
D:13:     layout_cave_pools, erik_vaults_2, gauntlet_entry_generic
D:14:     layout_grid_maze, grunt_decor_one_mirror, zin_statuary, uniq_jorgrun,
          uniq_roxanne
D:15:     hangedman_depths_entry_try_elsewhere_first, layout_cave_pools,
          hellmonk_bongcloud_opening
Temple:   pf_slimified_temple
Lair:1:   layout_roguey, nzn_sisyphean_effort
Lair:2:   layout_layer_cave, enter_volcano_4, serial_bayou_shore_a
Lair:3:   layout_regular_city, minmay_holes, beast_lair_carwin_6
Lair:4:   layout_gridlike, swamp_mist, spider_nest_entry_a,
          beast_lair_carwin_10, infiniplex_staircase_pool_2
Lair:5:   layout_small_grid, slime_altar_1, uniq_snorg
Lair:6:   minmay_lair_end_frog_pond, layout_regular_city
Swamp:1:  layout_falls_marsh, evilmike_swamp_ruin_house_1, uniq_louise
Swamp:2:  layout_falls_marsh, nicolae_swamp_little_tower,
          nicolae_swamp_super_fun_site
Orc:1:    layout_caves, serial_shops, shop_statue
Orc:2:    st_orc_open, layout_diamond_mine, serial_shops, nicolae_square_shop,
          david_defended_altar_orc

Skill      XL: |  1  2  3  4  5  6  7  8  9 10 11 12 13 14 15 16 17 |
---------------+----------------------------------------------------+-----
Invocations    | 3 4 5 6 8 9 11 13 14 15 | 15.0
Shields        | 1 3 4 5 7 9 10 | 10.3
Fighting       | 4 5 6 8 9 10 11 12 13 14 | 14.0
Maces & Flails | 2 3 4 6 7 |  7.1
Long Blades    | 2 6 8 9 10 11 12 | 12.7
Armour         | 4 7 8 9 10 | 10.8
Dodging        | 3 4 |  4.0
Evocations     | 3 6 8 10 | 10.1
Throwing       | 2 5 7 |  7.6
Short Blades   | |  2.7

Action                   |  1- 3 |  4- 6 |  7- 9 | 10-12 | 13-15 | 16-18 || total
-------------------------+-------+-------+-------+-------+-------+-------++-------
Melee: Short sword       |   117 |    46 |     7 |       |       |       ||   170
       Whip              |       |    83 |   300 |    16 |     2 |       ||   401
       Rapier            |       |       |    85 |    31 |    30 |       ||   146
       Scimitar          |       |       |       |   515 |   477 |       ||   992
       Double sword      |       |       |       |       |   692 |   131 ||   823
       Triple sword      |       |       |       |       |       |   169 ||   169
Throw: Throwing net      |       |       |     1 |       |       |       ||     1
       Dart              |       |       |       |     3 |    11 |     2 ||    16
       Boomerang         |       |       |       |       |     7 |       ||     7
Invok: Depart the Abyss  |     1 |       |       |       |       |     3 ||     4
       Banish            |       |       |     2 |    10 |    15 |     3 ||    30
 Abil: Dig               |       |       |       |       |     2 |     1 ||     3
Evoke: Wand              |       |       |       |     2 |     8 |     4 ||    14
       Box of beasts     |       |       |       |     1 |     1 |       ||     2
       Phantom mirror    |       |       |       |     1 |     1 |       ||     2
       Phial of floods   |       |       |       |       |       |     1 ||     1
  Use: Scroll            |       |       |       |    17 |    12 |     5 ||    34
       Potion            |       |       |       |     1 |     2 |     1 ||     4
 Stab: Paralysed         |       |       |       |       |     6 |       ||     6
       Invisible         |       |       |       |       |     2 |     5 ||     7
Armor: Leather armour    |     7 |       |       |       |       |       ||     7
       Ring mail         |    32 |    39 |       |       |       |       ||    71
       Plate armour      |       |       |   154 |   243 |   334 |       ||   731
       Chain mail        |       |       |       |       |    35 |   117 ||   152
Dodge: Dodged            |    79 |    64 |    55 |   180 |   366 |   123 ||   867
       Repelled          |       |       |       |       |       |     1 ||     1
Block: Buckler           |     9 |    15 |    10 |       |       |       ||    34
       Kite shield       |       |       |   127 |   362 |   603 |    46 ||  1138
       Tower shield      |       |       |       |       |       |   248 ||   248
       Rpst.: Scimitar   |       |       |       |    39 |    29 |       ||    68
       Double sword      |       |       |       |       |    59 |     4 ||    63
       Triple sword      |       |       |       |       |       |    14 ||    14
